 Dungeon Crawl Stone Soup version 0.23.1-37-gaa34b87b72 (webtiles) character file.

Game seed: 7653877705170460018

3065 MeekVeins the Slicer (level 9, -1/45 HPs)
             Began as a Vine Stalker Fighter on Mar 19, 2019.
             Killed from afar by Erica (10 damage)
             ... with a bolt of poison
             ... on level 9 of the Dungeon.
             The game lasted 00:17:56 (6621 turns).

MeekVeins the Slicer (Vine Stalker Fighter)         Turns: 6621, Time: 00:17:57

Health: -1/45      AC: 10    Str: 22    XL:     9   Next: 88%
Magic:  0/10       EV: 13    Int:  8    God:
Gold:   885        SH:  4    Dex: 14    Spells: 8/8 levels left

rFire    + . .     SeeInvis .   x - +2 dagger (drain)
rCold    . . .     Gourm    .   r - +0 buckler
rNeg     . . .     Faith    .   v - +0 scale mail
rPois    .         Spirit   +   y - +0 helmet
rElec    .         Reflect  .   K - +0 cloak
rCorr    .         Harm     .   U - +1 pair of gloves
MR       +....                  (no boots)
Stlth    ..........             (no amulet)
HPRegen  0.55/turn              f - ring of protection from fire
MPRegen  0.12/turn              Q - +3 ring of evasion

@: lethally poisoned (-1 -> -5), drained
A: fangs 3, regeneration 1, magic shield, antimagic bite, no potion heal 3, rot
immunity
a: no special abilities


You were on level 9 of the Dungeon.
You were hungry.

You visited 2 branches of the dungeon, and saw 10 of its levels.

You collected 885 gold pieces.

Inventory:

Hand Weapons
 a - a +0 long sword
 b - a +2 dagger of venom
 q - a +1 rapier of draining
 s - a +1 short sword of speed
 x - a +2 dagger of draining (weapon)
Armour
 c - a +0 shield
 r - a +0 buckler (worn)
 v - a +0 scale mail (worn)
 y - a +0 helmet (worn)
 K - a +0 cloak (worn)
 U - a +1 pair of gloves (worn)
Jewellery
 f - a ring of protection from fire (left hand)
 E - an uncursed ring of ice
 G - an uncursed ring of resist corrosion
 Q - a +3 ring of evasion (right hand)
 W - an uncursed amulet of guardian spirit
Wands
 A - a wand of acid (7)
 I - a wand of iceblast (14)
 V - a wand of flame (28)
Scrolls
 p - a scroll of amnesia {unknown}
 w - a scroll of random uselessness {unknown}
 C - a scroll of magic mapping {unknown}
 L - 7 scrolls of teleportation {unknown}
 N - 2 scrolls of remove curse {unknown}
 P - 2 scrolls of fear {unknown}
 R - 9 scrolls of identify
 S - 2 scrolls of immolation {unknown}
 T - a scroll of fog {unknown}
 Z - a scroll of enchant armour {unknown}
Potions
 u - 2 potions of heal wounds
 B - 2 potions of flight {unknown}
 D - a potion of cancellation {unknown}
 F - 2 potions of agility {unknown}
 H - 2 potions of haste {unknown}
 J - a potion of lignification {unknown}
 M - a potion of berserk rage {unknown}
 O - 2 potions of mutation {unknown}
 Y - 4 potions of brilliance {unknown}
Comestibles
 z - 10 rations


   Skills:
 + Level 3.9(2.8) Fighting
 - Level 9.2(8.7) Short Blades
 - Level 6.1(7.2) Long Blades
 + Level 3.5(2.4) Armour
 + Level 2.2(1.2) Dodging
 + Level 3.8(2.8) Shields


You had 8 spell levels left.
You didn't know any spells.
Your spell library contained the following spells:

 Spells                   Type           Power        Failure   Level  Hunger
 Corona                   Hex            #......      80%         1    ##.....
 Magic Dart               Conj           #...         80%         1    ##.....
 Blink                    Tloc           N/A          90%         2    ###....
 Call Imp                 Summ           #.......     90%         2    ###....
 Ensorcelled Hibernation  Hex/Ice        #.....       90%         2    ###....
 Slow                     Hex            #.......     90%         2    ###....
 Confuse                  Hex            #.......     99%         3    ####...
 Conjure Flame            Conj/Fire      #.......     99%         3    ####...
 Dazzling Spray           Conj/Hex       #.....       99%         3    ####...
 Mephitic Cloud           Conj/Pois/Air  #.......     99%         3    ####...
 Tukima's Dance           Hex            #.......     99%         3    ####...
 Cause Fear               Hex            #.........   100%        4    #####..
 Silence                  Hex/Air        #.........   100%        5    ######.
 Yara's Violent Unravell  Hex/Tmut       #.........   100%        5    ######.
 Deflect Missiles         Chrm/Air       #.........   100%        6    #######
 Discord                  Hex            #.........   100%        8    #######


Dungeon Overview and Level Annotations

Branches:
Dungeon (9/15)             Temple (1/1) D:5
   Lair: D:8-11         Orc: D:9-12

Altars:
Dithmenos
Elyvilon
Fedhas
Gozag
Hepliaklqana
Kikubaaqudgha
Makhleb
Nemelex Xobeh
Okawaru
Qazlal
Ru
Sif Muna
Trog
Uskayaw
Vehumet
Xom
Yredelemnul
Zin
The Shining One

Shops:
D:6 }

Annotations:
D:6 1 exclusion
D:9 Erica


Innate Abilities, Weirdness & Mutations

You have razor-sharp teeth.
Your natural rate of healing is unusually fast.
When hurt, damage is shared between your health and your magic reserves.
Your bite disrupts and absorbs the magic of your enemies.
Potions cannot restore your health.
You are immune to rotting.


Message History

You completely miss Erica.
Erica is moderately wounded.
Erica casts a spell at you. The orb of energy misses you.
You completely miss Erica. Your bite misses Erica.
Erica is moderately wounded.
You block Erica's attack.
Wield which item (- for none, * to show all)? (? for menu, Esc to quit)
Your +2 dagger of venom stops dripping with poison.
You sense an unholy aura.
x - a +2 dagger of draining (weapon)
You hit Erica.
Erica is moderately wounded.
You hit Erica. You bite Erica.
Erica's magic leaks into the air.
You drain her magic.
You feel invigorated.
Erica is moderately wounded.
Erica gestures at you while chanting. The bolt of poison hits you!
You are poisoned.
You die...

####### #
#..<..# .###.
#.....##......
#.....@...#
.........@......
#########.....##
.....# .......
.....## .......
.....#.


You could see Erica.

Vanquished Creatures
  Grinder (D:6)
  Sigmund (D:2)
  Eustachio (D:6)
  Edmund (D:5)
  An orc warrior (D:7)
  A sky beast (D:5)
  An ice beast (D:6)
  2 ogres
  A big kobold (D:7)
  2 bullfrogs
  Blork the orc (D:6)
  3 gnoll sergeants (D:6)
  A scorpion (D:7)
  A water moccasin skeleton (D:7)
  3 jellies (D:5)
  3 wights
  5 crimson imps
  2 howler monkeys
  A quasit (D:6)
  A centaur skeleton (D:8)
  A bullfrog skeleton (D:4)
  A centaur zombie (D:5)
  2 gnoll shamans (D:6)
  An orc priest (D:4)
  5 hounds
  8 orc wizards
  An iguana (D:5)
  2 worker ants
  3 hound skeletons
  Robin (D:4)
  8 gnolls (D:6)
  6 adders
  A howler monkey skeleton (D:6)
  An adder skeleton (D:5)
  5 worms
  3 dart slugs
  5 leopard geckos
  15 orcs
  6 bats
  5 giant cockroaches
  12 goblins
  13 hobgoblins
  7 jackals
  15 kobolds
  5 quokkas
  A ball python (D:4)
  4 frilled lizards
  A leopard gecko skeleton (D:4)
  2 quokka skeletons
  8 rats
181 creatures vanquished.

Vanquished Creatures (others)
  A quokka (D:2)
1 creature vanquished.

Grand Total: 182 creatures vanquished

Notes
Turn   | Place    | Note
-------+----------+-------------------------------------------
     0 | D:1      | MeekVeins the Vine Stalker Fighter began the quest for the
                  | Orb.
     0 | D:1      | Reached XP level 1. HP: 11/11 MP: 2/2
    67 | D:1      | You fall through a shaft!
    90 | D:2      | Reached XP level 2. HP: 5/16 MP: 3/3
   561 | D:2      | Reached skill level 3 in Long Blades
   585 | D:2      | Noticed Sigmund
   592 | D:2      | Killed Sigmund
   592 | D:2      | Reached XP level 3. HP: 9/19 MP: 2/4
   592 | D:2      | Gained mutation: Your natural rate of healing is unusually
                  | fast. [Vine Stalker growth]
   592 | D:2      | Reached XP level 4. HP: 11/23 MP: 2/5
   592 | D:2      | Reached XP level 5. HP: 13/27 MP: 2/6
   756 | D:2      | Found a white marble altar of Elyvilon.
  1840 | D:3      | Found a basalt altar of Yredelemnul.
  1937 | D:3      | Reached XP level 6. HP: 32/32 MP: 7/7
  2082 | D:3      | Reached skill level 6 in Long Blades
  2346 | D:4      | Noticed Robin
  2381 | D:4      | Reached skill level 1 in Short Blades
  2536 | D:4      | Reached skill level 2 in Short Blades
  2598 | D:4      | Reached XP level 7. HP: 35/35 MP: 8/8
  2638 | D:4      | Killed Robin
  2837 | D:4      | Reached skill level 3 in Short Blades
  2976 | D:4      | Found a sparkling altar of Nemelex Xobeh.
  3084 | D:5      | Entered Level 5 of the Dungeon
  3084 | D:5      | Found a radiant altar of Vehumet.
  3085 | D:5      | Noticed Edmund
  3128 | D:5      | Killed Edmund
  3128 | D:5      | Reached skill level 4 in Short Blades
  3204 | D:5      | Found a glowing golden altar of the Shining One.
  3337 | D:5      | Reached skill level 5 in Short Blades
  3373 | D:5      | Gained mutation: You have razor-sharp teeth. [Vine Stalker
                  | growth]
  3373 | D:5      | Reached XP level 8. HP: 39/39 MP: 9/9
  3472 | D:5      | Reached skill level 6 in Short Blades
  3698 | D:5      | Found a burning altar of Makhleb.
  3803 | D:6      | Reached skill level 7 in Short Blades
  4039 | D:6      | Found Illao's Gadget Boutique.
  4225 | D:6      | Noticed Grinder
  4227 | D:6      | Paralysed by Grinder for 5 turns
  4236 | D:6      | Paralysed by Grinder for 6 turns
  4252 | D:6      | Paralysed by Grinder for 5 turns
  4259 | D:6      | Killed Grinder
  4259 | D:6      | Reached skill level 8 in Short Blades
  4259 | D:6      | Reached XP level 9. HP: 27/43 MP: 10/10
  4334 | D:6      | Reached skill level 9 in Short Blades
  4349 | D:6      | Noticed Blork the orc
  4374 | D:6      | Killed Blork the orc
  4503 | D:6      | Found an iron altar of Okawaru.
  4630 | D:6      | Reached skill level 3 in Fighting
  4630 | D:6      | Reached skill level 3 in Shields
  4707 | D:7      | Reached skill level 1 in Dodging
  4852 | D:7      | Reached skill level 3 in Armour
  6139 | D:5      | Found a staircase to the Ecumenical Temple.
  6147 | D:5      | Noticed Eustachio
  6250 | D:6      | Killed Eustachio
  6408 | Temple   | Entered the Ecumenical Temple
  6608 | D:9      | Noticed Erica
  6621 | D:9      | Killed from afar by Erica

Skill      XL: |  1  2  3  4  5  6  7  8  9 |
---------------+----------------------------+-----
Long Blades    | 2 5 6 |  6.1
Short Blades   | 2 5 8 9 |  9.2
Fighting       | 3 |  3.9
Shields        | 3 |  3.8
Dodging        | 2 |  2.2
Armour         | 3 |  3.5

Action                   |  1- 3 |  4- 6 |  7- 9 || total
-------------------------+-------+-------+-------++-------
Melee: Long sword        |    50 |   105 |    85 ||   240
       Bite              |     9 |    46 |   165 ||   220
       Dagger            |       |    43 |   375 ||   418
  Use: Potion            |     1 |       |     2 ||     3
       Scroll            |       |     1 |       ||     1
  Eat: Chunk             |       |     6 |    12 ||    18
Armor: Scale mail        |    22 |    64 |   126 ||   212
Dodge: Dodged            |    14 |    43 |   130 ||   187
Block: Shield            |    28 |    67 |   149 ||   244
       Buckler           |       |       |     3 ||     3
       Rpst.: Long sword |     3 |    12 |     8 ||    23
